 Dungeon Crawl Stone Soup version 0.31-a0-705-ga145531891 (webtiles) character file.

Game seed: 1019264925823680944

4 arthad the Firebug (level 1, -2/14 HPs)
             Began as a Draconian Fire Elementalist on Sept 9, 2023.
             Slain by a jackal (3 damage)
             ... on level 1 of the Dungeon.
             The game lasted 00:00:53 (240 turns).

arthad the Firebug (Draconian Fire Elementalist)     Turns: 240, Time: 00:00:54

Health: -2/14      AC:  4    Str: 10    XL:     1   Next: 58%
Magic:  1/3        EV: 12    Int: 15    God:
Gold:   10         SH:  0    Dex: 11    Spells: 3/4 levels left

rFire   . . .        (no weapon)
rCold   . . .        (no shield)
rNeg    . . .        (body armour unavailable)
rPois   .            (helmet restricted)
rElec   .            (no cloak)
rCorr   .            (no gloves)
SInv    .            (no boots)
Will    .....        (no amulet)
Stlth   ++           (no ring)
HPRegen 0.22/turn    (no ring)
MPRegen 0.08/turn

%: no passive effects
@: brilliant, very slightly contaminated, slowed, very slow
A: AC +4, unfitting armour, cold-blooded
a: no special abilities


You were on level 1 of the Dungeon.
You visited 1 branch of the dungeon, and saw 1 of its levels.

You collected 10 gold pieces.

Inventory:

Missiles
 e - 6 poisoned darts
Scrolls
 c - a scroll of identify {unknown}
 d - a scroll of teleportation {unknown}
Potions
 a - a potion of magic


   Skills:
 + Level 1.8 Dodging
 + Level 1.9 Stealth
 + Level 2.0 Spellcasting
 + Level 1.1 Conjurations
 + Level 3.0 Fire Magic


You had 3 spell levels left.
You knew the following spells:

 Your Spells              Type           Power      Damage    Failure   Level
a - Foxfire               Conj/Fire      44%        2x1d6     10%         1

Your spell library contained the following spells:

 Spells                   Type           Power      Damage    Failure   Level
 Scorch                   Fire           32%        2d6       10%         2
 Shock                    Conj/Air       16%        1d4       17%         1
 Inner Flame              Hex/Fire       9%         N/A       34%         3
 Volatile Blastmotes      Fire/Tloc      18%        2d11      34%         3
 Swiftness                Air            2%         N/A       54%         3
 Flame Wave               Conj/Fire      11%        2d6       67%         4
 Airstrike                Air            1%         2d(1-17)  91%         4


Dungeon Overview and Level Annotations

Branches:
Dungeon (1/15)

Altars:


Innate Abilities, Weirdness & Mutations

Your plain brown scales are hard. (AC +4)
You cannot fit into any form of body armour.
You are cold-blooded and may be slowed by cold attacks.


Message History

A jackal comes into view.
The kobold shouts!
The jackal barks!
The endoplasm quivers.
There is an open door here.
The jackal bites you. The jackal misses you. The endoplasm freezes you.
You are frozen.
You feel yourself slow down.
You miscast Foxfire.
You are very lightly contaminated with residual magic.
Nothing appears to happen.
The jackal barks!
The jackal bites you. The jackal barely misses you.
The endoplasm closely misses you. The jackal closely misses you. x2
You conjure some foxfire!
You feel yourself speed up. The jackal closely misses you.
The jackal completely misses you. The jackal barely misses you.
The endoplasm freezes you.
You are frozen.
The foxfire hits the kobold but does no damage.
The jackal bites you but does no damage. x3
The endoplasm hits you but does no damage.
You are too injured to fight recklessly!
It was a potion of brilliance.
You feel clever all of a sudden.
The foxfire hits the kobold.
You kill the kobold!
The jackal barely misses you.
The jackal bites you but does no damage.
The jackal misses you. The endoplasm freezes you.
You are frozen.
* * * LOW HITPOINT WARNING * * *
You feel yourself slow down. The jackal barely misses you.
The jackal bites you.
* * * LOW HITPOINT WARNING * * *
The jackal bites you but does no damage.
There is an open door here.
The jackal bites you.
You die...

####### #.....#####
#.###.#...##
#.###......#
#..........#### #
####.............##.#.##
...'.................>..
####......######@##.#...
# #......# ####h##.# #
######## #..Jhh..# #
#...$....# #
#............ #
#...........# #
#...#.###...# # #...#..
..## # ####### .#


You could see an endoplasm and 3 jackals.

Vanquished Creatures
  A bat (D:1)
  An endoplasm (D:1)
  A giant cockroach (D:1)
  A kobold (D:1)
4 creatures vanquished.

Vanquished Creatures (others)
  11 foxfires (D:1)
11 creatures vanquished.

Grand Total: 15 creatures vanquished

Notes
Turn   | Place    | Note
-------+----------+-------------------------------------------
     0 | D:1      | arthad the Draconian Fire Elementalist began the quest for
                  | the Orb.
     0 | D:1      | Reached XP level 1. HP: 14/14 MP: 3/3
   240 | D:1      | Slain by a jackal

Illustrated notes

Levels and vault maps discovered:
D:1:      lemuel_arrival_room, layout_basic

Action                     || total
---------------------------++-------
  Melee: Unarmed           ||     1
         Tailslap          ||     1
   Cast: Foxfire           ||     8
    Use: Potion            ||     1
 Armour: Skin              ||    11
  Dodge: Dodged            ||    16

Table legend: (Time is in decaauts)
 A = Elapsed time spent in this place.
 B = Non-inter-level travel time spent in this place.
 C = Inter-level travel time spent in this place.
 D = Time resting spent in this place.
 E = Time spent auto-exploring this place.
 F = Levels seen in this place.
 G = Mean time per level.
                   A        B        C        D        E       F      G
               +--------+--------+--------+--------+--------+-----+--------+
         Total |    241 |    241 |      0 |      0 |    182 |   1 |  241.0 |
       Dungeon |    241 |    241 |      0 |      0 |    182 |   1 |  241.0 |
               +--------+--------+--------+--------+--------+-----+--------+

Top non-repeatable levels by time:
     D:1: 241 daAuts
